Map: Moonlight Madness LE (Void)

Players

wabbajack

  • Race: Zerg Zerg
  • League: Grandmaster

Snuggles - Winner!

  • Race: Zerg Zerg
  • League: Grandmaster

VOD

Have the link to the VOD?

Description

Time

  • Played on: July 15, 2015, 11:31 p.m.
  • Length: 3:17
Show
View Real Time Build Order
Export as new Build Order

wabbajack Zerg 

Build Orders: Pool First 

Get SALT Encoding   

  12  0:04  Extractor  
  11  0:08  Drone  
  12  0:31  Spawning Pool  
  12  0:34  Drone  
  12  0:36  Drone  
  13  0:50  Overlord  
  13  1:18  Metabolic Boost, Queen  
  15  1:23  Zergling x2  
  16  1:26  Zergling x2  
  16  1:28  Zergling x2  
  18  1:38  Zergling x2  
  19  1:45  Drone  
  20  1:56  Overlord  
  20  2:10  Hatchery  
  16  2:38  Zergling x2  
  16  2:39  Zergling x10  
  21  3:01  Spine Crawler  
  21  3:05  Spine Crawler  
Show
View Real Time Build Order
Export as new Build Order

Snuggles Zerg - Winner!

Build Orders: Pool First 

Get SALT Encoding   

  12  0:01  Drone  
  13  0:11  Drone  
  14  0:18  Extractor  
  13  0:29  Spawning Pool  
  13  0:33  Drone  
  13  0:37  Drone  
  14  0:50  Overlord  
  14  1:00  Extractor  
  14  1:01  Drone  
  15  1:16  Zergling x4  
  17  1:20  Metabolic Boost  
  17  1:22  Zergling x2  
  18  1:30  Queen  
  20  1:38  Zergling x4  
  22  1:48  Overlord  
  22  2:06  Zergling x2  
  23  2:11  Zergling x2  
  24  2:27  Zergling x2  
  23  2:33  Zergling x2  
  24  2:41  Zergling x8  
  28  2:45  Zergling x2  
  29  3:00  Hatchery  
Tags
 
Add a new tag
Caveats
  • Supply blocks, unpowered buildings, or Contaminate may cause inaccurate times.
  • Supply counts are checked every 10 seconds.